 Dungeon Crawl Stone Soup version 0.26-a0-651-gb41185065b (webtiles) character file.

Game seed: 14370607471588057659

176 jfcaron the Skirmisher (level 5, -1/49 HPs)
             Began as a Palentonga Delver on Oct 1, 2020.
             Was a Believer of Cheibriados.
             Blown up by Ijyb (27 damage)
             ... with a disintegration bolt
             ... on level 3 of the Dungeon.
             The game lasted 00:08:14 (3109 turns).

jfcaron the Skirmisher (Palentonga Delver)          Turns: 3109, Time: 00:08:14

Health: -1/49      AC:  7    Str: 22    XL:     5   Next: 30%
Magic:  5/6        EV:  8    Int: 16    God:    Cheibriados [**....]
Gold:   99         SH:  0    Dex: 18    Spells: 4/4 levels left

rFire    + . .     SeeInvis +   a - +0 falchion
rCold    . . .     Faith    +   (no shield)
rNeg     . . .     Spirit   .   o - +0 scale mail
rPois    .         Reflect  .   w - +0 helmet
rElec    .         Harm     .   (no cloak)
rCorr    .         Rampage  .   (no gloves)
MR       .....                  (no barding)
Stlth    +.........             j - amulet of faith
HPRegen  0.16/turn              m - ring of protection from fire
MPRegen  0.10/turn              (no ring)

@: very slow
A: large, rugged brown scales 3, see invisible, deformed body, roll, armoured
tail
a: Rolling Charge, Bend Time, Renounce Religion


You were on level 3 of the Dungeon.
You worshipped Cheibriados.
Cheibriados was pleased with you.
You visited 1 branch of the dungeon, and saw 5 of its levels.

You collected 99 gold pieces.

Inventory:

Hand Weapons
 a - a +0 falchion (weapon)
Missiles
 t - 22 stones (quivered)
 u - 18 bolts
 x - 21 arrows
Armour
 o - a +0 scale mail (worn)
 w - a +0 helmet (worn)
Jewellery
 j - an amulet of faith (around neck)
 m - a ring of protection from fire (left hand)
Wands
 g - a wand of digging (3)
Scrolls
 c - a scroll of fog
 d - 3 scrolls of magic mapping
 e - a scroll of fear
 k - 2 scrolls of identify {unknown}
 l - 3 scrolls of remove curse {unknown}
 q - a scroll of teleportation
 s - a scroll of blinking {unknown}
Potions
 b - 3 potions of heal wounds {unknown}
 h - a potion of stabbing {unknown}
 i - 2 potions of might {unknown}
 n - a potion of flight {unknown}
 p - 2 potions of mutation {unknown}
 r - 3 potions of curing {unknown}
 v - a potion of cancellation {unknown}


   Skills:
 + Level 4.1 Fighting
 + Level 3.3 Long Blades
 + Level 0.3 Throwing
 + Level 1.9 Armour
 - Level 1.5 Dodging
 - Level 3.3 Stealth
 * Level 1.7 Invocations


You had 4 spell levels left.
You didn't know any spells.
Your spell library contained the following spells:

 Spells                   Type           Power        Failure   Level
 Confusing Touch          Hex            #.......     90%         3
 Gell's Gravitas          Tloc           #.........   90%         3
 Petrify                  Tmut/Erth      #.......     100%        4
 Metabolic Englaciation   Hex/Ice        #.........   100%        5
 Yara's Violent Unravell  Hex/Tmut       #.........   100%        5


Dungeon Overview and Level Annotations

Branches:
Dungeon (5/15)
 Temple: D:4-7

Altars:
Cheibriados
Xom

Annotations:
D:3 Grinder, Ijyb


Innate Abilities, Weirdness & Mutations

You are completely covered in rugged brown scales. (AC +3, +7% HP)
You have supernaturally acute eyesight. (SInv)
Armour fits poorly on your strangely shaped body.
You can roll at foes to attack.
You have a long armoured tail.


Message History

You hit Ijyb but do no damage.
Ijyb is moderately wounded.
Ijyb hits you but does no damage. The leopard gecko bites you.
The bat closely misses you.
Unknown command.
You barely miss Ijyb. You tail-slap Ijyb!
Ijyb is severely wounded.
The bat barely misses you.
The leopard gecko bites you but does no damage.
Ijyb barely misses you.
You hit Ijyb but do no damage.
Ijyb is severely wounded.
The bat barely misses you. The leopard gecko bites you. Ijyb hits you.
The leopard gecko bites you. The bat completely misses you.
Unknown command.
You hit Ijyb but do no damage. You tail-slap Ijyb, but do no damage.
Ijyb is severely wounded.
The bat closely misses you.
Ijyb zaps a wand.
You are blasted!
Ouch! That really hurt!
You die...

# #.# #.# ... # #.#
#.# ###.. #
#.#####.# #...
#....<#.# #..#+#
#######.#####..#.##
............#.....#
#######.....#.....#
.....#.#..#.....#
.###.#....#b@†..#
#.#....#.gl..#
##.##..##.....#
...............#
###.##..##.#.....)
#......#.#...#.#
...............>#
##..#............
....##)##.#...#.#


You could see Ijyb, a leopard gecko and a bat.

Vanquished Creatures
  A bullfrog (D:3)
  Robin (D:2)
  4 adders (D:2)
  A leopard gecko (D:3)
  5 giant cockroaches
  15 goblins
  4 hobgoblins (D:2)
  4 jackals (D:2)
  12 kobolds
  A quokka (D:2)
  A ball python (D:2)
  4 bats
  3 frilled lizards
  5 rats
61 creatures vanquished.

Notes
Turn   | Place    | Note
-------+----------+-------------------------------------------
     0 | D:5      | jfcaron the Palentonga Delver began the quest for the Orb.
     0 | D:5      | Reached XP level 1. HP: 20/20 MP: 1/1
   106 | D:4      | Noticed a scorpion
   138 | D:4      | Noticed a hound
   270 | D:3      | Found a snail-covered altar of Cheibriados.
   273 | D:3      | Became a worshipper of Cheibriados the Contemplative
   294 | D:2      | Reached XP level 2. HP: 27/27 MP: 2/2
   371 | D:2      | Reached XP level 3. HP: 21/35 MP: 3/3
   646 | D:2      | Reached * piety under Cheibriados
   714 | D:2      | Noticed Robin
   796 | D:2      | Reached skill level 1 in Armour
   928 | D:2      | Found a shimmering altar of Xom.
  1857 | D:2      | Reached skill level 4 in Fighting
  1857 | D:2      | Reached XP level 4. HP: 41/42 MP: 4/4
  1867 | D:2      | Reached ** piety under Cheibriados
  1921 | D:2      | Found a shimmering altar of Xom.
  1922 | D:2      | Found a shimmering altar of Xom.
  1923 | D:2      | Found a shimmering altar of Xom.
  1927 | D:2      | Found a shimmering altar of Xom.
  1927 | D:2      | Found a shimmering altar of Xom.
  2027 | D:2      | Reached skill level 1 in Invocations
  2201 | D:2      | Killed Robin
  3022 | D:3      | Noticed Grinder
  3092 | D:3      | Noticed a bullfrog
  3096 | D:3      | Killed a bullfrog
  3096 | D:3      | Reached XP level 5. HP: 44/49 MP: 4/6
  3101 | D:3      | Noticed Ijyb
  3109 | D:3      | Blown up by Ijyb

Illustrated notes

Levels and vault maps discovered:
D:1:      tarquinn_simple_flora_water_c, layout_loops_corners,
          minmay_pentomino_w2
D:2:      kennysheep_six_static_rooms, layout_basic, xom_redecorated, uniq_robin
D:3:      layout_basic, marbit_many_paths, minivault_14, dk_noncrumbling_2,
          uniq_ijyb, uniq_sigmund, uniq_grinder
D:4:      layout_cave_pools, uniq_natasha
D:5:      layout_basic, nicolae_tso_carved_into_rock, serial_glass,
          glass_columns_b, glass_columns_b, corexii_checkpoint_a, uniq_edmund,
          uniq_prince_ribbit1, uniq_menkaure

Skill      XL: |  1  2  3  4 |
---------------+-------------+-----
Armour         | 1 |  1.9
Fighting       | 4 |  4.1
Invocations    | 1 |  1.7
Long Blades    | 3 |  3.3
Throwing       | |  0.3
Dodging        | |  1.5
Stealth        | |  3.3

Action                   |  1- 3 |  4- 6 || total
-------------------------+-------+-------++-------
Melee: Falchion          |    94 |    51 ||   145
       Tailslap          |    16 |    13 ||    29
Throw: Stone             |     1 |    26 ||    27
Invok: Bend Time         |       |     1 ||     1
 Abil: Rolling Charge    |       |     6 ||     6
  Use: Scroll            |     1 |       ||     1
 Stab: Sleeping          |     3 |       ||     3
Armor: Leather armour    |    24 |       ||    24
       Scale mail        |    22 |    33 ||    55
Dodge: Dodged            |    61 |    29 ||    90
       Rpst.: Falchion   |    13 |    11 ||    24

Table legend: (Time is in decaauts)
 A = Elapsed time spent in this place.
 B = Non-inter-level travel time spent in this place.
 C = Inter-level travel time spent in this place.
 D = Time resting spent in this place.
 E = Time spent auto-exploring this place.
 F = Levels seen in this place.
 G = Mean time per level.
                   A        B        C        D        E       F      G
               +--------+--------+--------+--------+--------+-----+--------+
         Total |   4016 |   3782 |    234 |    620 |   2268 |   5 |  803.2 |
       Dungeon |   4016 |   3782 |    234 |    620 |   2268 |   5 |  803.2 |
               +--------+--------+--------+--------+--------+-----+--------+

Top non-repeatable levels by time:
     D:2: 2345 daAuts
     D:1: 1299 daAuts
     D:3: 203 daAuts
     D:5: 86 daAuts
     D:4: 81 daAuts
